 Dungeon Crawl Stone Soup version 0.29.0-7-g18a832c13a (webtiles) character file.

Game seed: 12393906413287847480

76 gelatine the Sneak (level 4, 0/36 HPs)
             Began as a Naga Air Elementalist on Aug 30, 2022.
             Was an Initiate of Yredelemnul.
             Killed by divine providence
             ... invoked by an orc priest
              (15 damage)
             ... on level 3 of the Dungeon.
             The game lasted 00:06:58 (2412 turns).

gelatine the Sneak (Naga Air Elementalist)          Turns: 2412, Time: 00:07:01

Health: 0/36       AC:  9    Str: 11    XL:     4   Next: 32%
Magic:  8/8        EV: 10    Int: 17    God:    Yredelemnul [......]
Gold:   133        SH:  0    Dex: 11    Spells: 7/8 levels left

rFire   . . .      SeeInvis +   h - +2 dagger (protect)
rCold   . . .      Faith    .   (no shield)
rNeg    . . .      Spirit   .   a - +0 robe
rPois   +          Reflect  .   (no helmet)
rElec   .          Harm     .   (no cloak)
rCorr   .          Rampage  .   (no gloves)
Will    .....                   (no barding)
Stlth   ++........              (no amulet)
HPRegen 0.12/turn               (no ring)
MPRegen 0.11/turn               (no ring)

@: under a protective aura, very slow
A: AC +1, large, see invisible, deformed body, poison resistance, slowness 2,
spit poison 1, naga tail 1
a: Spit Poison, Renounce Religion, Recall Undead Harvest


You were on level 3 of the Dungeon.
You worshipped Yredelemnul.
Yredelemnul was noncommittal.
You visited 1 branch of the dungeon, and saw 3 of its levels.

You collected 133 gold pieces.

Inventory:

Hand Weapons
 h - a +2 dagger of protection (weapon)
 n - a +0 arbalest
Armour
 a - a +0 robe (worn)
Jewellery
 l - a +6 ring of dexterity
Scrolls
 c - 2 scrolls of brand weapon {unknown}
 d - 3 scrolls of poison {unknown}
 f - 2 scrolls of enchant armour {unknown}
 j - 3 scrolls of identify {unknown}
 m - a scroll of fear {unknown}
Potions
 b - a potion of magic
 e - a potion of resistance {unknown}
 g - 2 potions of degeneration {unknown}
 i - a potion of heal wounds {unknown}
 k - 2 potions of curing {unknown}
 o - a potion of brilliance {unknown}


   Skills:
 + Level 0.2 Fighting
 + Level 0.4 Short Blades
 + Level 1.9 Dodging
 + Level 3.8 Stealth
 + Level 2.7 Spellcasting
 + Level 1.5 Conjurations
 + Level 3.5 Air Magic
 * Level 0.9 Invocations


You had 7 spell levels left.
You knew the following spells:

 Your Spells              Type           Power      Damage    Failure   Level
a - Shock                 Conj/Air       40%        1d5       6%          1

Your spell library contained the following spells:

 Spells                   Type           Power      Damage    Failure   Level
 Static Discharge         Conj/Air       10%        3-5/arc   10%         2
 Swiftness                Air            14%        N/A       13%         3
 Airstrike                Air            7%         2d(1-17)  38%         4


Dungeon Overview and Level Annotations

Branches:
Dungeon (3/15)

Altars:
Yredelemnul


Innate Abilities, Weirdness & Mutations

Your serpentine skin is tough. (AC +1)
You have supernaturally acute eyesight. (SInv)
Armour fits poorly on your strangely shaped body.
Your system is resistant to poisons. (rPois)
You cover ground very slowly.
You can spit poison.
You have a snake-like lower body.


Message History

The orc priest shouts! x2; The orc shouts!
You hear a shout! x3
The orc hits you but does no damage.
You hit the orc.
Your weapon exudes an aura of protection.
The orc is heavily wounded.
The orc priest calls upon Beogh to heal the orc.
The orc's wounds heal themselves!
The orc closely misses you.
An orc priest comes into view. It is wielding a +0 hand axe.
You hit the orc.
The orc is heavily wounded.
The orc priest calls down the wrath of Beogh upon you.
Pain shoots through your body! The orc hits you but does no damage.
The orc priest looks braver for a moment.
You hit the orc.
You kill the orc!
The dead are walking!
The orc priest hits you but does no damage.
You barely miss the orc priest. The orc priest hits you with a +0 club.
The orc priest casts a cantrip, but nothing happens.
An orc comes into view. It is wielding a +0 falchion.
You hit the orc priest.
The orc priest is lightly wounded.
The orc priest barely misses you.
The orc priest invokes the aid of Beogh against you.
Beogh smites you!
An orc comes into view. It is wielding a +0 falchion.
Your orc zombie misses the orc priest.
You swap places.
The orc priest barely misses your rat zombie.
The orc priest hits your rat zombie with a +0 whip.
Something hits your orc zombie.
Your orc zombie closely misses the orc priest.
Your rat zombie barely misses the orc priest.
The orc priest hits your rat zombie with a +0 whip.
Your rat zombie is destroyed!
Something completely misses your orc zombie.
The orc priest mumbles some strange prayers to Beogh against you.
Beogh smites you!
You die...
Your body rises from the dead as a mindless zombie.

########.....#......##
#....##.....#.###..#
##....########## .#
............ #
##....#############.##
#....................
#####.####.........>.
######.##
##.#########.##
#.......# #.#
#@oo.oo... +.......#
#.# #Z#oo##.#.
#.......# #Z# #.#oZ#
######### #.###.#..#
#..Z..#..# #######...
..## ###


You could see 3 orc priests, 3 orcs, a friendly frilled lizard zombie and a
friendly orc zombie.

Vanquished Creatures
  An adder (D:2)
  A worm (D:3)
  An orc (D:3)
  4 bats
  4 endoplasms
  A giant cockroach (D:3)
  4 goblins
  4 hobgoblins
  A jackal (D:1)
  A kobold (D:2)
  2 quokkas
  3 ball pythons
  4 frilled lizards
  5 rats
36 creatures vanquished.

Vanquished Creatures (collateral kills)
  An adder (D:2)
  A worm (D:2)
  2 endoplasms (D:1)
  A goblin (D:2)
  A hobgoblin (D:1)
  A kobold (D:2)
  A quokka (D:1)
  3 ball pythons
  2 frilled lizards
  A rat (D:2)
14 creatures vanquished.

Vanquished Creatures (others)
  3 bat zombies
  A ball python zombie (D:3)
  An endoplasm zombie (D:2)
  A goblin zombie (D:2)
  A hobgoblin zombie (D:2)
  3 rat zombies
  4 fungi (D:1)
14 creatures vanquished.

Grand Total: 64 creatures vanquished

Notes
Turn   | Place    | Note
-------+----------+-------------------------------------------
     0 | D:1      | gelatine the Naga Air Elementalist began the quest for the
                  | Orb.
     0 | D:1      | Reached XP level 1. HP: 15/15 MP: 3/3
   108 | D:1      | Found a faded altar of an unknown god.
   118 | D:1      | Prayed at the altar of an unknown god.
   118 | D:1      | Became a worshipper of Yredelemnul the Dark
   118 | D:1      | Reached * piety under Yredelemnul
   319 | D:1      | Reached XP level 2. HP: 22/22 MP: 3/5
  1307 | D:2      | Reached XP level 3. HP: 16/28 MP: 1/6
  1912 | D:2      | Reached XP level 4. HP: 25/36 MP: 8/8
  2412 | D:3      | Killed from afar by an orc priest

Illustrated notes

Levels and vault maps discovered:
D:1:      dpeg_arrival_long_road, layout_basic, shapermc_ecumenical_altar_venn,
          minmay_misc_feat_secret_circle, dreamdust_mushroom_princess,
          minmay_tripent
D:2:      layout_basic
D:3:      layout_basic, mainiacjoe_overflow_small_starburst, tgw_trog,
          minmay_misc_feat_diagonals, uniq_robin

Action                   |  1- 3 |  4- 6 || total
-------------------------+-------+-------++-------
Melee: Unarmed           |     7 |       ||     7
       Dagger            |    49 |    20 ||    69
 Cast: Shock             |    42 |       ||    42
 Stab: Distracted        |     2 |     1 ||     3
       Sleeping          |       |     3 ||     3
Armor: Robe              |    22 |     7 ||    29
Dodge: Dodged            |    41 |     2 ||    43
